 Dungeon Crawl Stone Soup version 0.29.1-12-g30fa7ad0bf (webtiles) character file.

Game seed: 15861735031096629063

55924 Peloso the Tortoise (level 14, -7/127 HPs)
             Began as a Minotaur Fighter on Dec 26, 2022.
             Was a High Priest of Okawaru.
             Shot with an arrow by a centaur warrior (18 damage)
             ... on level 14 of the Dungeon.
             The game lasted 01:02:34 (25623 turns).

Peloso the Tortoise (Minotaur Fighter)             Turns: 25623, Time: 01:02:35

Health: -7/127     AC: 30    Str: 34    XL:     14   Next: 40%
Magic:  14/14      EV: 10    Int:  5    God:    Okawaru [*****.]
Gold:   821        SH:  5    Dex: 12    Spells: 13/13 levels left

rFire   + . .      SeeInvis .   t - +9 short sword of Noessuv {vorpal, *Noise rF+ Int+5 Stlth+}
rCold   + . .      Faith    .   (no shield)
rNeg    . . .      Spirit   .   q - +2 plate armour {Will+}
rPois   .          Reflect  +   Q - +1 hat
rElec   +          Harm     .   k - +2 cloak {Will+}
rCorr   .          Rampage  +   R - +1 pair of gloves "Jaeshrie" {Str+4}
Will    +++..                   P - +2 pair of boots {rampage}
Stlth   ..........              Z - amulet "Futesk" {Reflect rElec Str+6 Int-5 SH+5 Stlth-}
HPRegen 0.31/turn               f - ring of protection from cold
MPRegen 0.14/turn               (no ring)

@: no status effects
A: horns 2, retaliatory headbutt
a: Renounce Religion, Heroism, Finesse, Duel


You were on level 14 of the Dungeon.
You worshipped Okawaru.
Okawaru was extremely pleased with you.
You visited 4 branches of the dungeon, and saw 21 of its levels.

You collected 2165 gold pieces.
You spent 1344 gold pieces at shops.

Inventory:

Hand Weapons
 a - the +6 rapier of Lachrymose Valiance {elec, rF+}
   (You found it on level 3 of the Dungeon)

   It occasionally discharges a powerful burst of electricity upon striking a
   foe.
   rF:        It protects you from fire.
 b - the +6 dagger of Terra Cotta {spect, Fly rF+ Dex+4}
   (You found it on level 4 of the Dungeon)

   When its wielder attacks, the weapon's spirit leaps out and strikes again.
   The spirit shares a part of any damage it takes with its wielder.
   Dex:       It affects your dexterity (+4).
   rF:        It protects you from fire.
   Fly:       It grants you flight.
 c - a +5 scimitar
 t - the +9 short sword of Noessuv (weapon) {vorpal, *Noise rF+ Int+5 Stlth+}
   (You found it on level 4 of the Dungeon)

   It inflicts extra damage upon your enemies.
   Int:       It affects your intelligence (+5).
   rF:        It protects you from fire.
   *Noise:    It may make noises in combat.
   Stlth:     It makes you more stealthy.
 V - a +1 whip of flaming
Armour
 k - a +2 cloak of willpower (worn)
 q - a +2 plate armour of willpower (worn)
 P - a +2 pair of boots of rampaging (worn)
 Q - a +1 hat (worn)
 R - the +1 pair of gloves "Jaeshrie" (worn) {Str+4}
   (Okawaru gifted it to you on level 2 of the Lair of Beasts)

   Str:       It affects your strength (+4).
Jewellery
 f - a ring of protection from cold (left hand)
 h - an amulet of reflection
 i - a ring of fire
 s - a +6 ring of dexterity
 A - an amulet of guardian spirit
 J - a ring of positive energy
 M - an amulet of regeneration
 O - a +4 ring of evasion
 W - a ring of protection from cold
 Y - a ring of resist corrosion
 Z - the amulet "Futesk" (around neck) {Reflect rElec Str+6 Int-5 SH+5 Stlth-}
   (You found it on level 9 of the Dungeon)

   [amulet of reflection]

   It reflects blocked missile attacks.
   Str:       It affects your strength (+6).
   Int:       It affects your intelligence (-5).
   rElec:     It insulates you from electricity.
   SH:        It affects your SH (+5).
   Stlth:     It makes you less stealthy.
Wands
 p - a wand of iceblast (5)
 r - a wand of flame (49)
 y - a wand of light (9)
 D - a wand of polymorph (9)
Scrolls
 l - 5 scrolls of enchant armour
 o - a scroll of fear
 v - 11 scrolls of teleportation
 x - 2 scrolls of noise
 B - 3 scrolls of immolation
 F - a scroll of summoning
 G - 3 scrolls of enchant weapon
 I - 2 scrolls of amnesia
 K - a scroll of silence
 N - 2 scrolls of blinking
 S - a scroll of magic mapping
 U - 4 scrolls of brand weapon
 X - 3 scrolls of poison
Potions
 e - 6 potions of curing
 g - 6 potions of mutation
 j - 4 potions of haste
 m - 2 potions of magic
 n - 5 potions of flight
 u - 3 potions of invisibility
 w - 2 potions of resistance
 z - 4 potions of heal wounds
 C - 2 potions of cancellation {unknown}
 E - a potion of berserk rage {unknown}
 H - 3 potions of brilliance {unknown}
 L - a potion of lignification {unknown}
 T - a potion of attraction {unknown}


   Skills:
 + Level 12.8 Fighting
 + Level 13.4(13.7) Short Blades
 + Level 5.5(10.9) Long Blades
 + Level 2.8 Maces & Flails
 + Level 16.6 Armour
 + Level 4.5 Dodging
 + Level 2.1 Stealth
 + Level 14.8 Shields
 + Level 2.5 Invocations
 + Level 3.1 Evocations


You had 13 spell levels left.
You didn't know any spells.
Your spell library contained the following spells:

 Spells                   Type           Power      Damage    Failure   Level
 Apportation              Tloc           0%         N/A       91%         1
 Shock                    Conj/Air       0%         1d3       91%         1
 Blink                    Tloc           0%         N/A       97%         2
 Ensorcelled Hibernation  Hex/Ice        0%         N/A       97%         2
 Poisonous Vapours        Pois/Air       0%         N/A       97%         2
 Confusing Touch          Hex            0%         N/A       100%        3
 Dazzling Flash           Conj/Hex       0%         N/A       100%        3
 Gell's Gravitas          Tloc           0%         N/A       100%        3
 Ignite Poison            Fire/Tmut/Pois 0%         N/A       100%        3
 Mephitic Cloud           Conj/Pois/Air  0%         N/A       100%        3
 Spider Form              Tmut/Pois      0%         N/A       100%        3
 Anguish                  Hex/Necr       0%         N/A       100%        4
 Corpse Rot               Necr/Pois/Air  0%         N/A       100%        4
 Passage of Golubria      Tloc           0%         N/A       100%        4
 Agony                    Necr           0%         N/A       100%        5
 Freezing Cloud           Conj/Ice/Air   0%         6-21      100%        5
 Lightning Bolt           Conj/Air       0%         1d11      100%        5
 Silence                  Hex/Air        0%         N/A       100%        5
 Yara's Violent Unravell  Hex/Tmut       0%         3d3       100%        5
 Enfeeble                 Hex            0%         N/A       100%        7
 Lehudib's Crystal Spear  Conj/Erth      0%         10d2      100%        8
 Maxwell's Capacitive Co  Air            0%         ∞         100%        8
 Summon Mana Viper        Hex/Summ       Unusable   N/A       N/A         5
 Dragon's Call            Summ           Unusable   N/A       N/A         9

Dungeon Overview and Level Annotations

Branches:
Dungeon (14/15)            Temple (1/1) D:6            Lair (4/5) D:9
 Shoals (0/4) Lair:2       Spider (0/4) Lair:2          Orc (2/2) D:10
    Elf (0/3) Orc:2
  Slime: Lair:4-5    Vaults: D:13-14

Altars:
Ashenzari
Cheibriados
Dithmenos
Elyvilon
Fedhas
Hepliaklqana
Kikubaaqudgha
Makhleb
Nemelex Xobeh
Okawaru
Qazlal
Ru
Sif Muna
Trog
Uskayaw
Vehumet
Wu Jian
Xom
Yredelemnul
Zin
The Shining One

Shops:
D:11 ([   D:14 ?   Orc:2 =[?:

Annotations:
D:12 2 transporters


Innate Abilities, Weirdness & Mutations

You have a pair of horns on your head.
You reflexively headbutt those who attack you in melee.


Message History

You puncture the two-headed ogre!
The two-headed ogre is moderately wounded.
The centaur warrior shoots an arrow.
The arrow barely misses you.
The two-headed ogre hits you with a +0 giant club!
The two-headed ogre hits you but does no damage.
Unknown command.
You closely miss the two-headed ogre.
The two-headed ogre is moderately wounded.
The centaur warrior shoots an arrow.
The arrow hits you!
You barely miss the two-headed ogre.
Your headbutt misses the two-headed ogre.
The two-headed ogre is moderately wounded.
You puncture the two-headed ogre!
The two-headed ogre is heavily wounded.
The centaur warrior shoots an arrow.
The arrow hits you but does no damage.
The two-headed ogre hits you with a +0 giant club.
The two-headed ogre hits you with a +0 giant club!
* * * LOW HITPOINT WARNING * * *
You hit the two-headed ogre.
The two-headed ogre is severely wounded.
The centaur warrior shoots an arrow.
The arrow hits you!
* * * LOW HITPOINT WARNING * * *
Unknown command.
You puncture the two-headed ogre!
Your headbutt misses the two-headed ogre.
The two-headed ogre is almost dead.
The centaur warrior shoots an arrow.
The arrow hits you.
* * * LOW HITPOINT WARNING * * *
Unknown command.
You puncture the two-headed ogre!
You kill the two-headed ogre!
Okawaru accepts your kill.
Unknown command.
The centaur warrior shoots an arrow.
The arrow barely misses you.
Things that are here:
a +0 giant club; a +0 giant club; a two-headed ogre corpse The centaur warrior shoots an arrow.
The arrow hits you!
* * * LOW HITPOINT WARNING * * *
The centaur warrior shoots an arrow.
The arrow hits you!!
You die...

#..##.#.......#
..............## .......
...............##.......
....###.................
....###..#.....#........
.............###........
...(..........#.........
.....#..................
....##........#.@#
..........c.).#.####...
....#..#..##.)#........
.......#.###..c........
.......................
.....................#.
.....................#
...................
.................


You could see a centaur warrior.

Vanquished Creatures
  Jorgrun (Orc:1)
  Gastronok (Lair:2)
  An orc warlord (D:10)
  A great orb of eyes (D:9)
  4 hydras
  2 ogre magi (D:9)
  A centaur warrior (D:13)
  The ghost of GeoRichter the Carver, a novice MiBe of Trog (D:8)
  A death knight (D:12)
  6 two-headed ogres
  A tengu warrior (D:13)
  2 orc high priests
  Nergalle (D:11)
  The ghost of SonOfSpiff the Nimble, a novice DjHW of Fedhas (D:7)
  The ghost of ripuliukko the Geomancer, a novice GrEE of Vehumet (D:8)
  5 skeletal warriors
  2 orc knights
  2 deep elf pyromancers
  The ghost of ripuliukko the Geomancer, a novice GrEE (D:7)
  2 orc sorcerers (Orc:1)
  A wolf spider (D:9)
  3 manticores
  4 cyclopes
  2 moths of wrath (shapeshifter) (D:9)
  2 black mambas
  2 merfolk sirens (Lair:2)
  A torpor snail (shapeshifter) (D:13)
  4 unseen horrors
  Psyche (D:8)
  4 cane toads
  3 gargoyles
  4 komodo dragons
  2 kobold demonologists (D:13)
  2 rime drakes
  A freezing wraith (D:12)
  A tengu conjurer (D:13)
  A yaktaur (D:9)
  3 trolls
  4 meliai
  2 merfolk (Lair:2)
  Grinder (D:4)
  Prince Ribbit (D:7)
  A jumping spider (shapeshifter) (D:14)
  2 shadows
  A shapeshifter (D:14)
  6 wraiths
  Sigmund (D:4)
  A vampire (D:9)
  4 wyverns
  39 yaks
  2 vampire mosquitoes (D:13)
  3 wargs (Orc:1)
  Duvessa (D:6)
  9 water moccasins
  3 acid dragons
  2 ice beasts
  3 black bears
  A sky beast (D:7)
  37 orc warriors
  8 ogres
  3 wolves (Lair:2)
  16 centaurs
  A necrophage (D:6)
  13 bullfrogs
  6 kobold brigands
  3 gnoll sergeants
  9 wights
  Dowan (D:6)
  13 killer bees
  5 howler monkeys
  4 electric eels
  A hound (D:6)
  13 orc priests
  Crazy Yiuf (D:3)
  2 jellies
  3 quasits (D:7)
  A gnoll bouda (D:8)
  29 orc wizards
  3 iguanas
  21 gnolls
  4 adders
  2 white imps
  An ufetubus (D:5)
  2 worms
  69 orcs
  2 endoplasms
  6 giant cockroaches
  2 goblins
  A hobgoblin (D:3)
  4 jackals (D:4)
  8 quokkas
  2 ball pythons
  2 bats
  A frilled lizard (D:2)
  34 kobolds
  10 rats
508 creatures vanquished.

Vanquished Creatures (others)
  2 orc warriors (Orc:2)
  4 orcs
  19 fungi
  35 plants
  4 withered plants (D:8)
64 creatures vanquished.

Grand Total: 572 creatures vanquished

Notes
Turn   | Place    | Note
-------+----------+-------------------------------------------
     0 | D:1      | Peloso the Minotaur Fighter began the quest for the Orb.
     0 | D:1      | Reached XP level 1. HP: 19/19 MP: 0/0
   308 | D:1      | Found a faded altar of an unknown god.
   783 | D:2      | Found a shadowy altar of Dithmenos.
   886 | D:2      | Reached XP level 2. HP: 26/27 MP: 1/1
   974 | D:2      | Reached skill level 4 in Armour
  1317 | D:2      | Got the Papyrus of Gusts
  1420 | D:2      | Reached XP level 3. HP: 29/33 MP: 2/2
  1781 | D:3      | Found a shimmering altar of Xom.
  1822 | D:3      | Found a broken altar of Ashenzari.
  1910 | D:3      | Found a white marble altar of Elyvilon.
  1980 | D:3      | Found a transporter.
  2005 | D:3      | Found a transporter.
  2044 | D:3      | Found a shadowy altar of Dithmenos.
  2057 | D:3      | Identified the +6 rapier of Lachrymose Valiance {elec, rF+}
  2441 | D:3      | Found a runed translucent door.
  2442 | D:3      | Noticed Crazy Yiuf
  2449 | D:3      | Killed Crazy Yiuf
  2450 | D:3      | Reached XP level 4. HP: 21/40 MP: 3/3
  2680 | D:3      | Reached XP level 5. HP: 46/46 MP: 4/4
  2681 | D:3      | Reached skill level 1 in Dodging
  2731 | D:4      | Noticed Sigmund
  2751 | D:4      | Killed Sigmund
  2752 | D:4      | Reached skill level 1 in Short Blades
  2752 | D:4      | Reached skill level 5 in Long Blades
  2752 | D:4      | Reached skill level 5 in Shields
  2752 | D:4      | Reached XP level 6. HP: 46/53 MP: 5/5
  2756 | D:4      | Identified the +6 dagger of Terra Cotta {spect, Fly rF+
                  | Dex+4}
  2869 | D:4      | Reached skill level 5 in Armour
  2919 | D:4      | Identified the +9 short sword of Noessuv {vorpal, *Noise
                  | rF+ Int+5 Stlth+}
  2972 | D:4      | Noticed Grinder
  2980 | D:4      | Killed Grinder
  2981 | D:4      | Reached XP level 7. HP: 60/60 MP: 6/6
  2987 | D:4      | Found a shimmering blue altar of Sif Muna.
  3577 | D:5      | Entered Level 5 of the Dungeon
  3605 | D:5      | Reached skill level 5 in Fighting
  3614 | D:4      | Reached skill level 1 in Stealth
  4047 | D:5      | Reached skill level 6 in Armour
  4047 | D:5      | Reached XP level 8. HP: 68/68 MP: 7/7
  4202 | D:5      | Reached skill level 5 in Short Blades
  4531 | D:6      | Found a staircase to the Ecumenical Temple.
  4533 | D:6      | Reached skill level 7 in Armour
  4598 | Temple   | Entered the Ecumenical Temple
  4777 | Temple   | Became a worshipper of Warmaster Okawaru
  4856 | D:6      | Reached XP level 9. HP: 73/75 MP: 8/8
  4899 | D:6      | Found a sparkling altar of Nemelex Xobeh.
  4961 | D:6      | Found a radiant altar of Vehumet.
  5024 | D:6      | Noticed Dowan
  5028 | D:6      | Noticed Duvessa
  5029 | D:6      | Killed Dowan
  5047 | D:6      | Killed Duvessa
  5493 | D:7      | Found a transporter.
  5495 | D:7      | Noticed ripuliukko's ghost (novice GrEE)
  5521 | D:7      | Found a transporter.
  5764 | D:7      | Reached skill level 1 in Evocations
  6185 | D:7      | Reached * piety under Okawaru
  6415 | D:7      | Reached skill level 8 in Armour
  6503 | D:7      | Noticed Prince Ribbit
  6526 | D:7      | Killed Prince Ribbit
  6580 | D:7      | Found an ornate altar of the Wu Jian Council.
  6653 | D:8      | Found a runed translucent gate.
  6653 | D:8      | Found a runed translucent gate.
  6653 | D:8      | Found a runed translucent gate.
  6697 | D:8      | Noticed Psyche
  6702 | D:8      | Killed Psyche
  6702 | D:8      | Reached ** piety under Okawaru
  6785 | D:8      | Noticed a two-headed ogre
  6804 | D:8      | Killed a two-headed ogre
  6805 | D:8      | Reached XP level 10. HP: 47/84 MP: 6/9
  6983 | D:8      | Noticed a two-headed ogre
  7001 | D:8      | Killed a two-headed ogre
  7001 | D:8      | Reached *** piety under Okawaru
  7325 | D:8      | Noticed SonOfSpiff's ghost (novice DjHW)
  7325 | D:8      | Noticed ripuliukko's ghost (novice GrEE)
  7326 | D:8      | Noticed GeoRichter's ghost (novice MiBe)
  7413 | D:8      | Reached skill level 9 in Armour
  7437 | D:8      | Reached skill level 10 in Shields
  7594 | D:8      | Found a glowing golden altar of the Shining One.
  7776 | D:9      | Reached **** piety under Okawaru
  8175 | D:9      | Noticed a two-headed ogre
  8483 | D:8      | Killed a two-headed ogre
  8634 | D:9      | Found a stormy altar of Qazlal.
  8750 | D:9      | Identified the +4 robe "Hero's Friend" {*Corrode rF+ Int+4
                  | Dex+2}
  8996 | D:9      | Reached XP level 11. HP: 87/92 MP: 10/10
  9008 | D:9      | Reached skill level 1 in Invocations
  9339 | D:9      | Noticed a deep elf pyromancer
  9340 | D:9      | Found a runed translucent door.
  9342 | D:9      | Noticed an ogre mage
  9342 | D:9      | Noticed a great orb of eyes
  9342 | D:9      | Noticed a wolf spider
  9342 | D:9      | Noticed an ogre mage
  9378 | D:9      | Found a staircase to the Lair.
  9550 | D:9      | Found a snail-covered altar of Cheibriados.
  9553 | D:9      | Found a bloodstained altar of Trog.
  9555 | D:9      | Found a burning altar of Makhleb.
  9722 | D:10     | Entered Level 10 of the Dungeon
  9736 | D:10     | Found a staircase to the Orcish Mines.
  9779 | D:10     | Reached skill level 10 in Armour
  9995 | D:10     | Reached ***** piety under Okawaru
 10026 | D:10     | Identified the +12 sling "Daic" {freeze, Will- rCorr SInv}
 10376 | D:10     | Identified the +1 rapier "Ysicaijo" {venom, Fragile rCorr
                  | Str+3 Int+3} (Okawaru gifted it to you on level 10 of the
                  | Dungeon)
 10376 | D:10     | Received a gift from Okawaru
 10583 | D:11     | Found Nerroticibb's Antique Armour Emporium.
 10736 | D:11     | Found Posuw's Antique Weapon Boutique.
 10793 | D:11     | Reached skill level 10 in Short Blades
 10870 | D:11     | Noticed Nergalle
 10887 | D:11     | Killed Nergalle
 11060 | D:11     | Reached skill level 11 in Armour
 11082 | D:11     | Noticed a two-headed ogre
 11093 | D:11     | Killed a two-headed ogre
 11223 | D:11     | Noticed a two-headed ogre
 11234 | D:11     | Killed a two-headed ogre
 11403 | D:11     | Reached XP level 12. HP: 103/104 MP: 11/11
 11412 | D:11     | Found a bloodstained altar of Trog.
 11576 | Lair:1   | Entered Level 1 of the Lair of Beasts
 11781 | Lair:1   | Reached ****** piety under Okawaru
 11965 | Lair:1   | Received a gift from Okawaru
 12538 | Lair:2   | Reached skill level 12 in Armour
 12554 | Lair:2   | Noticed Gastronok
 12569 | Lair:2   | Killed Gastronok
 12569 | Lair:2   | Identified the +1 pair of gloves "Jaeshrie" {Str+4}
                  | (Okawaru gifted it to you on level 2 of the Lair of Beasts)
 12569 | Lair:2   | Received a gift from Okawaru
 12570 | Lair:2   | Reached skill level 10 in Fighting
 12779 | Lair:2   | Found a staircase to the Shoals.
 12974 | Lair:2   | Found a hole to the Spider Nest.
 13866 | Lair:3   | Noticed a seven-headed hydra
 14168 | D:12     | Found a transporter.
 14241 | D:12     | Found a transporter.
 14527 | D:12     | Noticed a death knight
 14562 | D:12     | Killed a death knight
 14593 | D:12     | Reached skill level 13 in Armour
 14593 | D:12     | Reached XP level 13. HP: 13/114 MP: 12/12
 15026 | Orc:1    | Entered Level 1 of the Orcish Mines
 15031 | Orc:1    | Noticed Jorgrun
 15070 | Orc:1    | Killed Jorgrun
 15183 | Orc:1    | Noticed an orc warlord
 15321 | D:10     | Killed an orc warlord
 15782 | Orc:2    | Entered Level 2 of the Orcish Mines
 15801 | Orc:1    | Received a gift from Okawaru
 16255 | Orc:2    | Reached skill level 14 in Armour
 17475 | Orc:2    | Found Ximiydi's Magic Scroll Shop.
 17475 | Orc:2    | Found Sypoakek's Antique Armour Emporium.
 17477 | Orc:2    | Found Jissocza's Jewellery Shoppe.
 17479 | Orc:2    | Found Bacw's Book Boutique.
 17483 | Orc:2    | Bought a scroll of brand weapon for 133 gold pieces
 17483 | Orc:2    | Bought a scroll of blinking for 105 gold pieces
 17483 | Orc:2    | Bought a scroll of identify for 28 gold pieces
 17483 | Orc:2    | Bought a scroll of identify for 28 gold pieces
 17494 | Orc:2    | Bought a scorched plate armour for 700 gold pieces
 17494 | Orc:2    | Identified the +1 plate armour of Too Many Cooks {rF+++
                  | Will- Slay-3 SInv} (You bought it in a shop on level 2 of
                  | the Orcish Mines)
 17503 | Orc:2    | Bought a runed hat for 175 gold pieces
 17964 | Orc:2    | Found a staircase to the Elven Halls.
 18144 | Orc:2    | Found a burning altar of Makhleb.
 19521 | Lair:3   | Received a gift from Okawaru
 20131 | Lair:4   | Reached skill level 15 in Armour
 20561 | Lair:4   | Reached skill level 1 in Maces & Flails
 22089 | D:7      | Killed ripuliukko's ghost
 22192 | D:8      | Killed GeoRichter's ghost
 22658 | D:7      | Killed SonOfSpiff's ghost
 23101 | D:8      | Killed ripuliukko's ghost
 23357 | D:9      | Reached XP level 14. HP: 126/126 MP: 11/14
 23403 | D:9      | Received a gift from Okawaru
 23405 | D:9      | Got Sif Muna's Vademecum on the Gathered Tesseract
 23411 | D:9      | Identified the amulet "Futesk" {Reflect rElec Str+6 Int-5
                  | SH+5 Stlth-}
 23891 | D:13     | Reached skill level 16 in Armour
 25254 | D:14     | Found Zunugi's Magic Scroll Shoppe.
 25263 | D:14     | Bought a scroll of magic mapping for 105 gold pieces
 25263 | D:14     | Bought a scroll of teleportation for 42 gold pieces
 25263 | D:14     | Bought a scroll of identify for 28 gold pieces
 25623 | D:14     | Shot with an arrow by a centaur warrior

Illustrated notes

Levels and vault maps discovered:
D:1:      kennysheep_arrival_forest, layout_basic,
          ebering_ecumenical_altar_sacrificial
D:2:      layout_loops_corners, basic_altar, solitary_fountain,
          hangedman_decor_points, lightli_corner_chamber
D:3:      gammafunk_steamed_eel, layout_rooms, xom_butterflies,
          elyvilon_altar_1, amcnicky_altar_gilded,
          nicolae_dithmenos_shadow_blocks, uniq_crazy_yiuf_cottage
D:4:      layout_loops_ring, kennysheep_orc_sif_temple, uniq_grinder,
          uniq_sigmund
D:5:      layout_basic, chequers_serial_rivers_large_b
D:6:      layout_basic, lemuel_round_altar, nicolae_vehumet_altar_sigil,
          minmay_temple_entry_large_hall, minivault_26, chequers_hall_statues_y,
          uniq_duvessa
D:7:      layout_cave_pods, nzn_wu_jian_council_hall,
          gammafunk_ghost_stat_death, uniq_prince_ribbit1
D:8:      kennysheep_ambush_hall, layout_cave_pools,
          mainiacjoe_overflow_catwalk, gammafunk_ghost_cemetery, uniq_psyche
D:9:      minmay_gate_of_8, layout_basic, grunt_qazlal_sundering,
          grunt_temple_overflow_diamond, dpeg_oklobed_lair
D:10:     layout_cave_pools, orc_0_dummy, kennysheep_generic_room_10
D:11:     layout_loops_cross, serial_shops, nicolae_shop_hallway_plus,
          nicolae_shop_overgrown_old_shop, st_stairs_4,
          hangedman_abyss_or_decor_lesser_grid, tgw_trog, uniq_nergalle
D:12:     gammafunk_worm_tunnel, layout_loops_ring
D:13:     layout_irregular_city, minmay_misc_feat_columns,
          amcnicky_mini_corridor_feature, kennysheep_generic_room_5
D:14:     layout_cave_pools, skrybe_vaults_entry_preservation, serial_shops,
          shop, grunt_decor_mini_mirrors, uniq_josephine, uniq_roxanne
Temple:   hellmonk_temple_beads
Lair:1:   layout_hall_layers, infiniplex_staircase_pool, grunt_megastairs_2
Lair:2:   layout_loops_ring, elwin_shoals_entry_stream,
          hellmonk_spider_entry_not_the_bees, fungi_pond_lemuel,
          grunt_forest_stairs_basic, uniq_gastronok
Lair:3:   layout_small_grid, serial_bayou_shore_a
Lair:4:   layout_long_grid
Orc:1:    layout_caves, uniq_jorgrun
Orc:2:    st_orc_rangers, layout_caves, basic_altar

Skill      XL: |  1  2  3  4  5  6  7  8  9 10 11 12 13 14 |
---------------+-------------------------------------------+-----
Armour         | 4 5 6 7 8 9 11 13 15 16 | 16.6
Long Blades    | 3 4 5 |  5.5
Shields        | 4 5 6 7 9 11 12 13 14 | 14.8
Fighting       | 4 5 6 7 9 10 12 | 12.8
Dodging        | 1 2 3 4 |  4.5
Short Blades   | 1 2 4 6 7 9 11 12 13 | 13.4
Stealth        | 1 2 |  2.1
Evocations     | 2 3 |  3.1
Invocations    | 1 2 |  2.5
Maces & Flails | 2 |  2.8

Action                   |  1- 3 |  4- 6 |  7- 9 | 10-12 | 13-15 || total
-------------------------+-------+-------+-------+-------+-------++-------
Melee: Long sword        |    73 |       |       |       |       ||    73
       Headbutt          |    18 |     9 |    41 |   205 |   219 ||   492
       Rapier            |    15 |    12 |       |       |       ||    27
       Dagger            |       |    17 |       |       |       ||    17
       Short sword       |       |    12 |   237 |   838 |   854 ||  1941
       Whip              |       |       |       |       |    35 ||    35
       Punch             |       |       |       |       |    21 ||    21
Invok: Heroism           |       |       |     1 |     8 |    20 ||    29
Evoke: Wand              |       |     3 |     8 |     1 |     7 ||    19
  Use: Scroll            |     6 |       |     4 |     3 |    12 ||    25
       Potion            |       |       |       |     5 |     3 ||     8
Armor: Scale mail        |    27 |     7 |    16 |       |       ||    50
       Chain mail        |       |       |    34 |       |       ||    34
       Plate armour      |       |       |    21 |   368 |   790 ||  1179
Dodge: Dodged            |    27 |    12 |    57 |   164 |   508 ||   768
Block: Buckler           |    41 |    11 |    13 |       |       ||    65
       Reflection        |     3 |       |     4 |     6 |    10 ||    23
       Kite shield       |       |       |   138 |   493 |       ||   631
       Other             |       |       |       |       |   129 ||   129
